General information
- name: BNet
- type: Ladder team game (AT/RT)
- host: Battle.net
- saver: nutsurlechin.fr
map: Friends
- players: 8
- length: 71:45
- speed: Fast
- version: 1.21 W3XP
- replay type:

» download(625 KB)
Players
team 1 (loser)
d3mon-hunt3r (
teal | 35 APM | 2525 actions | 71:43)
4 Demon Hunter
2 Mana Burn
2 Immolation
3 Priestess of the Moon
2 Trueshot Aura
1 Searing Arrows
» actions
| Assign group hotkey | 11 | |
| Basic commands | 1 | |
| Build / train | 144 | |
| Enter build submenu | 27 | |
| Enter hero's abilities submenu | 7 | |
| Remove unit from queue | 15 | |
| Right click | 1626 | |
| Select / deselect | 515 | |
| Select group hotkey | 83 | |
| Use ability | 96 | |
2525 total
» units
| Wisp | 26 | |
| Huntress | 6 | |
| Hippogryph | 62 | |
| Archer | -1 | |
| Druid of the Talon | 2 | |
| Chimaera | 7 | |
102 total
» upgrades
| Ultravision | 1 | |
| Strength of the Wild | 3 | |
| Strength of the Moon | 1 | |
| Reinforced Hides | 3 | |
| Corrosive Breath | 1 | |
9 total
» buildings
| Altar of Elders | 2 | |
| Moon Well | 10 | |
| Ancient of War | 2 | |
| Hunter's Hall | 1 | |
| Ancient of Wonders | 2 | |
| Tree of Ages | 1 | |
| Ancient of Lore | 1 | |
| Ancient of Wind | 3 | |
| Tree of Eternity | 1 | |
| Chimaera Roost | 1 | |
24 total
» build order
00:13 Altar of Elders
00:18 Moon Well
01:54 Ancient of War
01:57 Ancient of War
02:28 Hunter's Hall
03:54 Ancient of Wonders
04:14 Moon Well
06:04 Moon Well
07:52 Tree of Ages
10:35 Moon Well
10:44 Ancient of Lore
12:14 Ancient of Wind
12:19 Ancient of Wind
13:11 Tree of Eternity
15:05 Moon Well
18:33 Ancient of Wind
26:59 Ancient of Wonders
30:32 Moon Well
32:28 Moon Well
32:37 Moon Well
41:44 Moon Well
41:53 Moon Well
42:31 Chimaera Roost
63:50 Altar of Elders
» items
| Scroll of Town Portal | 2 | |
| Staff of Preservation | 1 | |
| Orb of Venom | 1 | |
| Moonstone | 1 | |
| Dust of Appearance | 1 | |
| Red Drake Egg | 1 | |
7 total
Hoarz_XyoshO (
red | 91 APM | 6553 actions | 71:38)
6 Blademaster
3 Wind Walk
2 Critical Strike
1 Bladestorm
6 Shadow Hunter
2 Hex
3 Healing Wave
1 Big Bad Voodoo
2 Dark Ranger
1 Silence
1 Black Arrow
1 Priestess of the Moon
1 Searing Arrows
» actions
| Assign group hotkey | 68 | |
| Basic commands | 39 | |
| Build / train | 243 | |
| Enter build submenu | 41 | |
| Enter hero's abilities submenu | 20 | |
| Give item / drop item | 12 | |
| Right click | 2674 | |
| Select / deselect | 1575 | |
| Select group hotkey | 1197 | |
| Use ability | 681 | |
6553 total
» units
| Peon | 31 | |
| Grunt | 7 | |
| Demolisher | 1 | |
| Raider | 17 | |
| Wind Rider | 16 | |
| Troll Batrider | 38 | |
| Troll Headhunter/Berserker | 2 | |
| Kodo Beast | 2 | |
| Shaman | 3 | |
| Troll Witch Doctor | 2 | |
119 total
» upgrades
| Ensnare | 1 | |
| Envenomed Spears | 1 | |
| Ranged Weapons | 2 | |
| Armor | 2 | |
| Liquid Fire | 2 | |
| War Drums Damage Increase | 1 | |
| Shaman Training | 2 | |
| Witch Doctor Training | 2 | |
| Reinforced Defenses | 1 | |
14 total
» buildings
| Altar of Storms | 2 | |
| Orc Burrow | 9 | |
| Barracks | 1 | |
| War Mill | 1 | |
| Stronghold | 2 | |
| Voodoo Lounge | 1 | |
| Beastiary | 2 | |
| Fortress | 2 | |
| Watch Tower | 17 | |
| Spirit Lodge | 2 | |
| Great Hall | 2 | |
41 total
» build order
00:06 Altar of Storms
00:31 Orc Burrow
00:36 Barracks
01:26 War Mill
02:29 Orc Burrow
02:38 Orc Burrow
03:39 Stronghold
03:39 Stronghold
03:49 Orc Burrow
05:59 Voodoo Lounge
06:02 Beastiary
06:04 Beastiary
06:08 Fortress
11:10 Watch Tower
11:11 Watch Tower
11:12 Watch Tower
11:15 Watch Tower
11:16 Watch Tower
11:26 Orc Burrow
12:50 Orc Burrow
12:51 Orc Burrow
13:33 Orc Burrow
18:14 Orc Burrow
24:38 Spirit Lodge
24:40 Spirit Lodge
41:17 Great Hall
49:28 Watch Tower
49:30 Watch Tower
49:31 Watch Tower
52:34 Great Hall
52:35 Watch Tower
52:38 Watch Tower
52:39 Watch Tower
52:41 Watch Tower
58:35 Watch Tower
58:35 Watch Tower
59:49 Watch Tower
59:52 Watch Tower
59:57 Watch Tower
67:35 Altar of Storms
» items
| Rod of Necromancy | 2 | |
| Healing Salve | 12 | |
| Lesser Clarity Potion | 33 | |
| Scroll of Speed | 4 | |
| Tiny Great Hall | 1 | |
| Orb of Lightning | 3 | |
| Potion of Mana | 4 | |
| Scroll of Town Portal | 7 | |
| Scourge Bone Chimes | 1 | |
| Demonic Figurine | 1 | |
| Potion of Healing | 3 | |
| Book of the Dead | 1 | |
| Healing Wards | 1 | |
| Inferno Stone | 1 | |
74 total
HsZ.Ruby (
purple | 48 APM | 3435 actions | 71:41)
5 Archmage
3 Summon Water Elemental
2 Brilliance Aura
3 Blood Mage
2 Flame Strike
1 Banish
1 Mountain King
1 Storm Bolt
» actions
| Assign group hotkey | 116 | |
| Basic commands | 22 | |
| Build / train | 157 | |
| ESC pressed | 1 | |
| Enter build submenu | 37 | |
| Enter hero's abilities submenu | 9 | |
| Give item / drop item | 2 | |
| Remove unit from queue | 4 | |
| Right click | 1234 | |
| Select / deselect | 905 | |
| Select group hotkey | 739 | |
| Use ability | 209 | |
3435 total
» units
| Peasant | 12 | |
| Footman | 4 | |
| Mortar Team | 11 | |
| Flying Machine | 23 | |
| Siege Engine | 13 | |
| Dragonhawk Rider | 32 | |
| Gryphon Rider | 4 | |
99 total
» upgrades
| Gunpowder | 2 | |
| Flare | 1 | |
| Armor | 2 | |
| Lumber Harvesting | 1 | |
| Fragmentation Shards | 1 | |
| Barrage | 1 | |
| Cloud | 1 | |
| Storm Hammers | 1 | |
| Swords | 2 | |
| Plating | 1 | |
| Flak Cannons | 1 | |
| Flying Machine Bombs | 1 | |
15 total
» buildings
| Farm | 13 | |
| Altar of Kings | 1 | |
| Barracks | 1 | |
| Lumber Mill | 4 | |
| Scout Tower | 10 | |
| Arcane Tower | 4 | |
| Blacksmith | 1 | |
| Keep | 1 | |
| Arcane Vault | 1 | |
| Guard Tower | 6 | |
| Workshop | 3 | |
| Castle | 1 | |
| Gryphon Aviary | 4 | |
| Town Hall | 1 | |
51 total
» build order
00:03 Farm
00:08 Altar of Kings
00:24 Barracks
00:54 Farm
01:18 Lumber Mill
01:53 Scout Tower
02:13 Farm
02:34 Arcane Tower
03:05 Scout Tower
03:40 Farm
03:44 Arcane Tower
04:03 Farm
04:05 Farm
04:08 Farm
04:12 Blacksmith
04:18 Scout Tower
05:03 Keep
05:55 Scout Tower
06:03 Scout Tower
06:09 Arcane Vault
06:25 Guard Tower
06:28 Farm
07:39 Scout Tower
07:44 Farm
07:48 Guard Tower
07:53 Workshop
07:54 Workshop
08:03 Farm
08:43 Arcane Tower
09:07 Farm
09:10 Farm
13:08 Castle
15:34 Guard Tower
15:36 Guard Tower
18:58 Workshop
19:03 Lumber Mill
24:43 Gryphon Aviary
24:44 Gryphon Aviary
24:45 Gryphon Aviary
24:53 Lumber Mill
25:00 Gryphon Aviary
26:42 Town Hall
27:52 Guard Tower
27:56 Scout Tower
27:57 Scout Tower
29:08 Arcane Tower
29:11 Scout Tower
29:12 Scout Tower
32:42 Lumber Mill
32:47 Guard Tower
42:08 Farm
» items
| Scroll of Regeneration | 1 | |
| Ivory Tower | 6 | |
| Potion of Healing | 5 | |
| Scroll of Town Portal | 2 | |
| Staff of Preservation | 1 | |
15 total
Sc_BuTcHeR (
blue | 44 APM | 3144 actions | 71:33)
6 Death Knight
2 Unholy Aura
3 Death Coil
1 Animate Dead
6 Lich
3 Frost Nova
2 Frost Armor
1 Death and Decay
6 Dark Ranger
2 Black Arrow
3 Life Drain
1 Charm
» actions
| Assign group hotkey | 49 | |
| Basic commands | 22 | |
| Build / train | 100 | |
| Enter build submenu | 19 | |
| Enter hero's abilities submenu | 21 | |
| Give item / drop item | 13 | |
| Remove unit from queue | 3 | |
| Right click | 1635 | |
| Select / deselect | 575 | |
| Select group hotkey | 584 | |
| Use ability | 123 | |
3144 total
» units
| Acolyte | 11 | |
| Ghoul | 7 | |
| Frost Wyrm | 20 | |
| Forest Troll Shadow Priest | 2 | |
40 total
» upgrades
| Freezing Breath | 1 | |
| Creature Attack | 3 | |
| Creature Carapace | 3 | |
7 total
» buildings
| Graveyard | 2 | |
| Altar of Darkness | 1 | |
| Crypt | 1 | |
| Tomb of Relics | 1 | |
| Ziggurat | 9 | |
| Nerubian Tower | 1 | |
| Halls of the Dead | 1 | |
| Black Citadel | 1 | |
| Sacrificial Pit | 1 | |
| Boneyard | 3 | |
| Spirit Tower | 1 | |
22 total
» build order
00:59 Graveyard
01:07 Altar of Darkness
01:09 Crypt
01:16 Tomb of Relics
01:18 Ziggurat
01:34 Ziggurat
02:17 Ziggurat
02:27 Nerubian Tower
04:53 Halls of the Dead
05:48 Ziggurat
05:50 Ziggurat
05:52 Ziggurat
07:41 Black Citadel
07:44 Sacrificial Pit
10:23 Boneyard
10:25 Boneyard
10:27 Boneyard
13:02 Ziggurat
13:09 Ziggurat
15:26 Ziggurat
24:45 Graveyard
66:29 Spirit Tower
» items
| Rod of Necromancy | 1 | |
| Orb of Corruption | 1 | |
| Potion of Healing | 1 | |
| Red Drake Egg | 1 | |
| Ice Shard | 1 | |
| Book of the Dead | 2 | |
| Stone Token | 1 | |
| Inferno Stone | 1 | |
| Scroll of Healing | 2 | |
| Scroll of Town Portal | 3 | |
| Robe of the Magi +6 | 2 | |
| Boots of Quel'Thalas +6 | 3 | |
| Alleria's Flute of Accuracy | 1 | |
| Health Stone | 1 | |
| Potion of Restoration | 1 | |
| Healing Wards | 1 | |
| Spiked Collar | 1 | |
| Belt of Giant Strength +6 | 1 | |
25 total
team 2 (winner)

»
AlasPoorYorick (
green | 124 APM | 8887 actions | 71:44)
8 Dreadlord
3 Sleep
3 Vampiric Aura
1 Inferno
1 Carrion Swarm
8 Death Knight
3 Death Coil
3 Unholy Aura
1 Animate Dead
1 Death Pact
8 Lich
3 Frost Nova
3 Frost Armor
1 Death and Decay
1 Dark Ritual
» actions
| Assign group hotkey | 55 | |
| Basic commands | 267 | |
| Build / train | 135 | |
| ESC pressed | 2 | |
| Enter build submenu | 34 | |
| Enter hero's abilities submenu | 25 | |
| Give item / drop item | 6 | |
| Remove unit from queue | 1 | |
| Right click | 3949 | |
| Select / deselect | 1244 | |
| Select group hotkey | 2926 | |
| Use ability | 243 | |
8887 total
» units
| Acolyte | 10 | |
| Ghoul | 4 | |
| Frost Wyrm | 14 | |
| Goblin Zeppelin | 1 | |
| Gargoyle | 32 | |
61 total
» upgrades
| Creature Attack | 3 | |
| Creature Carapace | 3 | |
| Freezing Breath | 1 | |
| Stone Form | 1 | |
| Ghoul Frenzy | 1 | |
9 total
» buildings
| Altar of Darkness | 1 | |
| Ziggurat | 23 | |
| Crypt | 2 | |
| Graveyard | 1 | |
| Nerubian Tower | 1 | |
| Tomb of Relics | 2 | |
| Spirit Tower | 12 | |
| Halls of the Dead | 1 | |
| Sacrificial Pit | 1 | |
| Black Citadel | 1 | |
| Boneyard | 2 | |
| Necropolis | 2 | |
49 total
» build order
00:09 Altar of Darkness
00:14 Ziggurat
00:40 Crypt
01:20 Graveyard
01:27 Ziggurat
01:31 Nerubian Tower
02:10 Tomb of Relics
02:58 Ziggurat
03:15 Ziggurat
03:37 Spirit Tower
03:42 Ziggurat
03:48 Ziggurat
04:20 Halls of the Dead
04:35 Spirit Tower
04:49 Spirit Tower
05:50 Ziggurat
05:52 Ziggurat
06:12 Spirit Tower
06:24 Ziggurat
06:46 Sacrificial Pit
07:25 Black Citadel
09:35 Tomb of Relics
09:44 Spirit Tower
09:47 Ziggurat
10:16 Boneyard
10:18 Boneyard
10:43 Spirit Tower
10:47 Ziggurat
10:50 Ziggurat
10:51 Spirit Tower
13:55 Ziggurat
14:31 Spirit Tower
19:09 Necropolis
21:18 Ziggurat
21:19 Ziggurat
21:21 Ziggurat
21:21 Ziggurat
24:19 Spirit Tower
24:22 Ziggurat
24:24 Ziggurat
24:25 Ziggurat
28:07 Spirit Tower
28:10 Spirit Tower
33:41 Crypt
37:04 Ziggurat
37:05 Ziggurat
37:07 Ziggurat
44:56 Spirit Tower
65:22 Necropolis
» items
| Rod of Necromancy | 3 | |
| Orb of Corruption | 3 | |
| Scroll of Town Portal | 13 | |
| Alleria's Flute of Accuracy | 1 | |
| Robe of the Magi +6 | 1 | |
| Belt of Giant Strength +6 | 1 | |
22 total
Gobiner (
yellow | 52 APM | 3709 actions | 71:44)
8 Warden
3 Shadow Strike
3 Blink
2 Fan of Knives
» actions
| Assign group hotkey | 27 | |
| Basic commands | 46 | |
| Build / train | 149 | |
| ESC pressed | 2 | |
| Enter build submenu | 21 | |
| Enter hero's abilities submenu | 8 | |
| Give item / drop item | 4 | |
| Right click | 1588 | |
| Select / deselect | 442 | |
| Select group hotkey | 1068 | |
| Use ability | 353 | |
3709 total
» units
| Wisp | 66 | |
| Druid of the Talon | 5 | |
| Hippogryph | 26 | |
| Goblin Shredder | 1 | |
98 total
» upgrades
| Druid of the Talon Training | 2 | |
| Nature's Blessing | 1 | |
| Backpack | 1 | |
| Ultravision | 1 | |
| Strength of the Wild | 4 | |
| Reinforced Hides | 3 | |
| Well Spring | 1 | |
| Mark of the Talon | 1 | |
| Strength of the Moon | 1 | |
| Moon Armor | 2 | |
17 total
» buildings
| Altar of Elders | 1 | |
| Moon Well | 7 | |
| Tree of Ages | 1 | |
| Ancient of Wonders | 1 | |
| Ancient of Wind | 2 | |
| Hunter's Hall | 1 | |
| Tree of Eternity | 1 | |
| Tree of Life | 7 | |
21 total
» build order
00:07 Altar of Elders
00:11 Moon Well
01:35 Moon Well
04:13 Tree of Ages
05:13 Moon Well
05:50 Moon Well
07:05 Ancient of Wonders
07:17 Ancient of Wind
07:24 Ancient of Wind
07:28 Hunter's Hall
10:16 Tree of Eternity
18:29 Moon Well
18:30 Moon Well
25:03 Tree of Life
27:06 Moon Well
27:52 Tree of Life
36:26 Tree of Life
51:43 Tree of Life
55:13 Tree of Life
68:07 Tree of Life
68:09 Tree of Life
» items
| Orb of Venom | 1 | |
| Anti-magic Potion | 2 | |
| Scroll of Town Portal | 6 | |
| Runed Bracers | 1 | |
| Potion of Divinity | 1 | |
| Boots of Quel'Thalas +6 | 3 | |
| Inferno Stone | 1 | |
| Robe of the Magi +6 | 1 | |
| Potion of Healing | 1 | |
| Potion of Mana | 1 | |
| Lesser Clarity Potion | 1 | |
| Healing Salve | 1 | |
20 total
NUTSonyochin.de (
orange | 72 APM | 5141 actions | 71:44)
5 Archmage
3 Blizzard
2 Brilliance Aura
5 Mountain King
2 Storm Bolt
3 Bash
3 Pandaren Brewmaster
2 Breath of Fire
1 Drunken Brawler
» actions
| Assign group hotkey | 7 | |
| Basic commands | 71 | |
| Build / train | 305 | |
| ESC pressed | 26 | |
| Enter build submenu | 196 | |
| Enter hero's abilities submenu | 13 | |
| Give item / drop item | 11 | |
| Right click | 1634 | |
| Select / deselect | 661 | |
| Select group hotkey | 1208 | |
| Use ability | 1009 | |
5141 total
» units
| Peasant | 24 | |
| Dragonhawk Rider | 4 | |
28 total
» upgrades
| Masonry | 3 | |
| Lumber Harvesting | 2 | |
| Magic Sentry | 1 | |
| Animal War Training | 1 | |
| Sorceress Training | 2 | |
| Priest Training | 2 | |
| Cloud | 1 | |
| Armor | 3 | |
| Swords | 3 | |
18 total
» buildings
| Altar of Kings | 1 | |
| Farm | 12 | |
| Lumber Mill | 1 | |
| Scout Tower | 743 | |
| Arcane Tower | 3 | |
| Guard Tower | 218 | |
| Keep | 1 | |
| Town Hall | 1 | |
| Arcane Sanctum | 1 | |
| Castle | 1 | |
| Arcane Vault | 5 | |
| Barracks | 1 | |
| Blacksmith | 1 | |
| Gryphon Aviary | 2 | |
991 total
» build order
00:10 Altar of Kings
00:13 Farm
00:35 Lumber Mill
00:47 Scout Tower
00:52 Scout Tower
01:22 Arcane Tower
01:23 Scout Tower
01:28 Scout Tower
01:41 Farm
01:57 Arcane Tower
02:11 Guard Tower
02:15 Scout Tower
02:28 Guard Tower
02:29 Scout Tower
02:30 Scout Tower
02:33 Scout Tower
02:34 Scout Tower
02:34 Scout Tower
03:15 Guard Tower
03:17 Scout Tower
03:18 Scout Tower
03:25 Guard Tower
03:28 Scout Tower
03:29 Scout Tower
03:29 Scout Tower
03:30 Scout Tower
03:41 Scout Tower
03:42 Scout Tower
03:46 Scout Tower
03:46 Scout Tower
03:47 Scout Tower
03:48 Scout Tower
03:49 Scout Tower
03:49 Scout Tower
03:54 Scout Tower
03:55 Scout Tower
03:56 Scout Tower
03:57 Scout Tower
03:58 Scout Tower
03:59 Scout Tower
04:03 Guard Tower
04:14 Guard Tower
04:18 Scout Tower
04:19 Scout Tower
04:30 Guard Tower
04:31 Guard Tower
04:31 Guard Tower
04:56 Guard Tower
04:57 Guard Tower
05:33 Guard Tower
05:35 Scout Tower
05:37 Scout Tower
05:38 Scout Tower
05:39 Scout Tower
05:42 Scout Tower
05:43 Scout Tower
05:44 Scout Tower
05:45 Scout Tower
05:46 Scout Tower
05:47 Scout Tower
05:47 Scout Tower
05:48 Scout Tower
05:48 Scout Tower
05:48 Scout Tower
05:50 Keep
05:52 Guard Tower
06:00 Guard Tower
06:01 Guard Tower
06:01 Guard Tower
06:01 Guard Tower
06:01 Guard Tower
06:03 Guard Tower
06:03 Guard Tower
06:03 Guard Tower
06:12 Guard Tower
06:13 Guard Tower
06:36 Guard Tower
07:05 Guard Tower
07:24 Guard Tower
07:25 Scout Tower
07:26 Scout Tower
07:27 Scout Tower
07:30 Scout Tower
07:31 Scout Tower
07:32 Scout Tower
07:32 Scout Tower
07:33 Scout Tower
07:33 Scout Tower
07:34 Scout Tower
07:35 Scout Tower
07:36 Scout Tower
08:51 Town Hall
09:12 Guard Tower
09:15 Scout Tower
09:16 Scout Tower
09:41 Guard Tower
09:56 Scout Tower
09:57 Scout Tower
09:57 Scout Tower
09:59 Scout Tower
10:01 Guard Tower
10:09 Arcane Sanctum
10:23 Guard Tower
10:40 Guard Tower
10:41 Guard Tower
10:41 Guard Tower
11:00 Scout Tower
11:01 Scout Tower
11:02 Scout Tower
11:03 Scout Tower
11:05 Scout Tower
11:33 Guard Tower
11:38 Castle
11:43 Guard Tower
11:45 Guard Tower
11:47 Scout Tower
11:48 Scout Tower
11:51 Scout Tower
11:52 Scout Tower
11:52 Scout Tower
11:53 Scout Tower
12:33 Scout Tower
12:33 Scout Tower
12:34 Scout Tower
12:35 Scout Tower
12:39 Guard Tower
12:46 Scout Tower
12:47 Scout Tower
12:48 Scout Tower
12:48 Scout Tower
12:54 Guard Tower
12:55 Scout Tower
12:56 Scout Tower
12:57 Scout Tower
12:57 Scout Tower
12:57 Scout Tower
12:58 Scout Tower
12:58 Scout Tower
12:59 Scout Tower
13:00 Scout Tower
13:02 Guard Tower
13:07 Guard Tower
13:29 Guard Tower
13:32 Guard Tower
13:36 Guard Tower
13:51 Scout Tower
13:52 Scout Tower
13:53 Scout Tower
13:55 Scout Tower
13:56 Scout Tower
13:56 Scout Tower
13:59 Scout Tower
14:00 Scout Tower
14:01 Scout Tower
14:02 Scout Tower
14:05 Scout Tower
14:06 Scout Tower
14:07 Scout Tower
14:28 Guard Tower
14:30 Scout Tower
14:31 Scout Tower
14:32 Scout Tower
14:32 Scout Tower
14:33 Scout Tower
14:33 Scout Tower
14:37 Guard Tower
14:45 Guard Tower
14:45 Guard Tower
14:56 Guard Tower
15:09 Arcane Vault
15:10 Arcane Vault
15:11 Arcane Vault
15:57 Guard Tower
16:14 Guard Tower
16:17 Guard Tower
17:22 Guard Tower
17:24 Scout Tower
17:25 Scout Tower
17:25 Scout Tower
17:26 Scout Tower
17:27 Scout Tower
17:28 Scout Tower
17:28 Scout Tower
17:29 Scout Tower
17:31 Guard Tower
17:53 Scout Tower
17:55 Scout Tower
17:55 Scout Tower
17:56 Scout Tower
17:56 Scout Tower
17:57 Scout Tower
17:58 Scout Tower
17:59 Scout Tower
17:59 Scout Tower
18:00 Scout Tower
18:01 Scout Tower
18:01 Scout Tower
18:03 Scout Tower
18:03 Scout Tower
18:10 Guard Tower
18:36 Guard Tower
18:50 Guard Tower
18:53 Guard Tower
18:53 Guard Tower
19:30 Scout Tower
19:34 Scout Tower
19:35 Scout Tower
19:40 Scout Tower
19:40 Scout Tower
19:41 Scout Tower
19:42 Scout Tower
19:43 Scout Tower
19:59 Scout Tower
19:59 Scout Tower
20:00 Scout Tower
20:01 Scout Tower
20:01 Scout Tower
20:02 Scout Tower
20:03 Scout Tower
20:03 Scout Tower
20:06 Scout Tower
20:07 Scout Tower
20:08 Scout Tower
20:09 Scout Tower
20:10 Scout Tower
20:17 Scout Tower
20:19 Scout Tower
20:22 Scout Tower
20:24 Scout Tower
20:26 Scout Tower
20:30 Scout Tower
20:31 Scout Tower
20:32 Scout Tower
20:32 Scout Tower
20:47 Guard Tower
20:50 Barracks
20:52 Blacksmith
21:01 Guard Tower
21:03 Scout Tower
21:04 Scout Tower
21:04 Scout Tower
21:15 Scout Tower
21:16 Scout Tower
21:17 Scout Tower
21:17 Scout Tower
21:19 Scout Tower
21:19 Scout Tower
21:21 Scout Tower
21:22 Scout Tower
21:23 Scout Tower
21:24 Scout Tower
21:25 Scout Tower
21:25 Scout Tower
21:36 Guard Tower
21:39 Scout Tower
21:41 Scout Tower
21:56 Guard Tower
22:03 Scout Tower
22:04 Scout Tower
22:05 Scout Tower
22:06 Scout Tower
22:38 Guard Tower
22:44 Guard Tower
22:48 Guard Tower
24:23 Guard Tower
24:28 Scout Tower
24:28 Scout Tower
24:29 Scout Tower
24:29 Scout Tower
24:30 Scout Tower
24:31 Scout Tower
24:37 Guard Tower
24:39 Scout Tower
24:39 Scout Tower
24:40 Scout Tower
24:41 Scout Tower
24:41 Scout Tower
24:42 Scout Tower
24:43 Scout Tower
24:43 Scout Tower
24:45 Scout Tower
24:45 Scout Tower
24:46 Scout Tower
24:46 Scout Tower
24:48 Scout Tower
24:49 Scout Tower
24:50 Scout Tower
24:51 Scout Tower
24:51 Scout Tower
24:52 Scout Tower
25:07 Arcane Tower
25:20 Guard Tower
25:27 Scout Tower
25:28 Scout Tower
25:28 Scout Tower
25:29 Scout Tower
25:29 Scout Tower
25:30 Scout Tower
25:30 Scout Tower
25:31 Scout Tower
25:32 Scout Tower
25:32 Scout Tower
25:35 Scout Tower
25:35 Scout Tower
25:37 Scout Tower
25:37 Scout Tower
25:38 Scout Tower
25:38 Scout Tower
25:39 Scout Tower
25:40 Scout Tower
25:41 Scout Tower
25:42 Scout Tower
25:44 Scout Tower
25:45 Scout Tower
25:46 Scout Tower
25:47 Scout Tower
25:49 Scout Tower
25:50 Scout Tower
25:51 Scout Tower
25:51 Scout Tower
25:52 Scout Tower
25:52 Scout Tower
25:53 Scout Tower
25:54 Scout Tower
25:55 Scout Tower
25:55 Scout Tower
25:56 Scout Tower
25:57 Scout Tower
26:01 Scout Tower
26:01 Scout Tower
26:11 Scout Tower
26:12 Scout Tower
26:14 Scout Tower
26:15 Scout Tower
26:16 Scout Tower
26:17 Scout Tower
26:18 Scout Tower
26:18 Scout Tower
26:19 Scout Tower
26:20 Scout Tower
26:22 Scout Tower
26:23 Scout Tower
26:24 Scout Tower
26:24 Scout Tower
26:25 Scout Tower
26:26 Scout Tower
26:27 Scout Tower
26:27 Scout Tower
26:28 Scout Tower
26:29 Scout Tower
26:30 Scout Tower
26:30 Scout Tower
26:31 Scout Tower
26:32 Scout Tower
26:41 Guard Tower
27:09 Guard Tower
27:11 Scout Tower
27:12 Scout Tower
27:13 Scout Tower
27:14 Scout Tower
27:14 Scout Tower
27:15 Scout Tower
27:21 Scout Tower
27:22 Scout Tower
27:22 Scout Tower
27:23 Scout Tower
27:25 Scout Tower
27:25 Scout Tower
27:26 Scout Tower
27:27 Scout Tower
27:31 Guard Tower
27:32 Guard Tower
27:32 Guard Tower
27:38 Guard Tower
27:40 Guard Tower
27:40 Guard Tower
27:40 Guard Tower
27:58 Guard Tower
29:40 Scout Tower
29:41 Scout Tower
29:41 Scout Tower
29:42 Scout Tower
29:43 Scout Tower
29:43 Scout Tower
29:44 Scout Tower
29:45 Scout Tower
29:46 Scout Tower
29:46 Scout Tower
29:47 Scout Tower
29:48 Scout Tower
29:48 Scout Tower
29:49 Scout Tower
29:52 Guard Tower
29:54 Guard Tower
30:01 Guard Tower
30:02 Guard Tower
30:26 Guard Tower
30:28 Guard Tower
30:32 Guard Tower
30:47 Guard Tower
31:26 Farm
31:26 Farm
31:28 Farm
31:29 Farm
31:29 Farm
31:30 Farm
31:32 Farm
31:33 Farm
31:34 Farm
31:35 Farm
31:42 Guard Tower
32:23 Guard Tower
32:30 Guard Tower
32:48 Guard Tower
33:06 Guard Tower
33:09 Guard Tower
33:15 Guard Tower
33:17 Scout Tower
33:17 Scout Tower
33:18 Scout Tower
33:20 Scout Tower
33:20 Scout Tower
33:21 Scout Tower
33:22 Scout Tower
33:23 Scout Tower
33:26 Scout Tower
33:27 Scout Tower
33:28 Scout Tower
33:41 Gryphon Aviary
33:42 Gryphon Aviary
35:06 Guard Tower
35:25 Guard Tower
35:27 Guard Tower
35:41 Guard Tower
35:43 Guard Tower
35:49 Scout Tower
35:49 Scout Tower
35:50 Scout Tower
35:50 Scout Tower
35:51 Scout Tower
35:52 Scout Tower
35:52 Scout Tower
35:53 Scout Tower
35:53 Scout Tower
35:54 Scout Tower
36:12 Scout Tower
36:13 Scout Tower
36:14 Scout Tower
36:15 Scout Tower
36:16 Scout Tower
36:17 Scout Tower
36:18 Scout Tower
36:19 Scout Tower
36:20 Scout Tower
36:21 Scout Tower
36:22 Scout Tower
36:23 Scout Tower
36:24 Scout Tower
36:28 Scout Tower
37:01 Guard Tower
37:03 Guard Tower
37:20 Guard Tower
37:23 Guard Tower
37:27 Guard Tower
37:30 Guard Tower
37:42 Guard Tower
38:00 Scout Tower
38:01 Scout Tower
38:02 Scout Tower
38:03 Scout Tower
38:04 Scout Tower
38:05 Scout Tower
38:13 Guard Tower
38:22 Scout Tower
38:23 Scout Tower
38:27 Scout Tower
38:36 Scout Tower
38:36 Scout Tower
38:38 Scout Tower
38:39 Guard Tower
38:44 Guard Tower
38:48 Scout Tower
38:48 Scout Tower
38:49 Scout Tower
38:50 Scout Tower
38:53 Scout Tower
38:53 Scout Tower
39:38 Guard Tower
40:36 Scout Tower
40:37 Scout Tower
40:38 Scout Tower
40:39 Scout Tower
40:40 Scout Tower
40:48 Guard Tower
40:53 Scout Tower
40:54 Scout Tower
40:55 Scout Tower
40:56 Scout Tower
40:56 Scout Tower
40:58 Scout Tower
40:58 Scout Tower
41:00 Scout Tower
41:09 Guard Tower
41:12 Scout Tower
41:15 Scout Tower
41:50 Guard Tower
42:58 Guard Tower
43:07 Scout Tower
43:08 Scout Tower
43:10 Guard Tower
43:12 Scout Tower
43:13 Scout Tower
43:13 Scout Tower
43:14 Scout Tower
43:24 Scout Tower
43:35 Scout Tower
43:36 Scout Tower
43:38 Scout Tower
43:39 Scout Tower
43:40 Scout Tower
43:41 Scout Tower
43:45 Guard Tower
44:00 Scout Tower
44:01 Scout Tower
44:02 Scout Tower
44:02 Scout Tower
44:03 Scout Tower
44:04 Scout Tower
44:11 Guard Tower
44:12 Scout Tower
44:13 Scout Tower
44:14 Scout Tower
44:15 Scout Tower
44:16 Scout Tower
44:16 Scout Tower
44:17 Scout Tower
44:17 Scout Tower
44:43 Guard Tower
44:48 Scout Tower
44:49 Scout Tower
44:49 Scout Tower
44:51 Scout Tower
44:52 Scout Tower
44:53 Scout Tower
45:07 Guard Tower
45:11 Guard Tower
45:11 Guard Tower
45:11 Guard Tower
45:11 Guard Tower
45:18 Guard Tower
45:23 Scout Tower
45:55 Guard Tower
46:17 Guard Tower
47:00 Scout Tower
47:01 Scout Tower
47:02 Scout Tower
47:02 Scout Tower
47:03 Scout Tower
47:04 Scout Tower
47:32 Guard Tower
47:34 Scout Tower
47:35 Scout Tower
47:35 Scout Tower
47:36 Scout Tower
47:37 Scout Tower
47:37 Scout Tower
47:38 Scout Tower
47:38 Scout Tower
47:39 Scout Tower
47:39 Scout Tower
47:41 Scout Tower
47:42 Scout Tower
47:43 Scout Tower
47:43 Scout Tower
47:44 Scout Tower
47:45 Scout Tower
47:45 Scout Tower
47:46 Scout Tower
47:47 Scout Tower
47:47 Scout Tower
47:48 Scout Tower
47:48 Scout Tower
47:50 Scout Tower
47:51 Scout Tower
47:51 Scout Tower
47:52 Scout Tower
47:52 Scout Tower
47:55 Scout Tower
47:55 Scout Tower
47:56 Scout Tower
47:57 Scout Tower
47:59 Scout Tower
47:59 Scout Tower
48:00 Scout Tower
48:00 Scout Tower
48:35 Guard Tower
48:40 Scout Tower
48:41 Scout Tower
48:42 Scout Tower
48:43 Scout Tower
48:44 Scout Tower
48:45 Scout Tower
48:46 Scout Tower
48:47 Scout Tower
48:52 Scout Tower
48:53 Scout Tower
48:53 Scout Tower
48:54 Scout Tower
48:54 Scout Tower
48:55 Scout Tower
49:17 Arcane Vault
49:18 Arcane Vault
49:23 Scout Tower
49:24 Scout Tower
50:19 Guard Tower
50:20 Guard Tower
50:26 Guard Tower
51:05 Guard Tower
51:09 Scout Tower
51:09 Scout Tower
51:10 Scout Tower
51:11 Scout Tower
51:13 Scout Tower
51:13 Scout Tower
51:14 Scout Tower
51:32 Guard Tower
51:39 Guard Tower
51:48 Scout Tower
51:49 Scout Tower
51:50 Scout Tower
51:50 Scout Tower
51:51 Scout Tower
51:51 Scout Tower
51:55 Guard Tower
52:12 Guard Tower
52:18 Scout Tower
52:18 Scout Tower
52:19 Scout Tower
52:20 Scout Tower
52:20 Scout Tower
52:21 Scout Tower
52:22 Scout Tower
52:23 Scout Tower
52:23 Scout Tower
52:24 Scout Tower
52:24 Scout Tower
52:25 Scout Tower
52:31 Guard Tower
52:36 Scout Tower
52:37 Scout Tower
52:37 Scout Tower
52:38 Scout Tower
52:40 Scout Tower
52:41 Scout Tower
52:47 Guard Tower
52:51 Scout Tower
52:52 Scout Tower
52:53 Scout Tower
52:53 Scout Tower
53:06 Scout Tower
53:07 Scout Tower
53:14 Scout Tower
53:15 Scout Tower
53:16 Scout Tower
53:17 Scout Tower
53:17 Scout Tower
53:20 Scout Tower
53:21 Scout Tower
53:22 Scout Tower
53:22 Scout Tower
53:23 Scout Tower
53:23 Scout Tower
53:31 Guard Tower
53:57 Guard Tower
53:59 Guard Tower
54:00 Scout Tower
54:01 Scout Tower
54:07 Guard Tower
54:30 Guard Tower
54:38 Scout Tower
54:39 Guard Tower
55:24 Guard Tower
55:27 Scout Tower
55:28 Scout Tower
55:30 Scout Tower
55:30 Scout Tower
55:33 Scout Tower
55:35 Scout Tower
55:37 Scout Tower
55:46 Guard Tower
55:48 Scout Tower
55:49 Scout Tower
55:50 Scout Tower
55:50 Scout Tower
55:51 Scout Tower
55:51 Scout Tower
55:52 Scout Tower
55:53 Scout Tower
55:56 Guard Tower
55:58 Guard Tower
56:00 Scout Tower
56:01 Scout Tower
56:02 Scout Tower
56:02 Scout Tower
56:03 Scout Tower
56:03 Scout Tower
56:06 Scout Tower
56:06 Scout Tower
56:08 Scout Tower
56:08 Scout Tower
56:10 Scout Tower
56:10 Scout Tower
56:34 Guard Tower
56:39 Scout Tower
56:40 Scout Tower
56:41 Scout Tower
56:42 Scout Tower
56:42 Scout Tower
56:43 Scout Tower
56:44 Scout Tower
56:46 Scout Tower
56:47 Scout Tower
56:48 Scout Tower
56:49 Scout Tower
56:49 Scout Tower
56:50 Scout Tower
56:51 Scout Tower
56:52 Scout Tower
56:59 Guard Tower
57:11 Guard Tower
57:19 Guard Tower
57:22 Guard Tower
57:24 Guard Tower
57:31 Scout Tower
57:31 Scout Tower
57:33 Scout Tower
57:34 Scout Tower
57:35 Scout Tower
57:40 Guard Tower
57:45 Scout Tower
57:46 Scout Tower
57:47 Scout Tower
57:47 Scout Tower
57:48 Scout Tower
57:49 Scout Tower
57:49 Scout Tower
57:50 Scout Tower
57:52 Scout Tower
57:53 Scout Tower
57:53 Scout Tower
57:54 Scout Tower
57:55 Scout Tower
57:55 Scout Tower
58:00 Guard Tower
58:01 Guard Tower
58:21 Guard Tower
59:01 Guard Tower
59:04 Scout Tower
59:04 Scout Tower
59:05 Scout Tower
59:06 Scout Tower
59:07 Scout Tower
59:08 Scout Tower
59:09 Scout Tower
59:10 Scout Tower
59:11 Scout Tower
59:12 Scout Tower
59:13 Scout Tower
59:20 Guard Tower
59:27 Scout Tower
59:28 Scout Tower
59:29 Scout Tower
59:29 Scout Tower
59:30 Scout Tower
59:30 Scout Tower
59:31 Scout Tower
59:32 Scout Tower
59:32 Scout Tower
59:33 Scout Tower
59:35 Scout Tower
59:36 Scout Tower
59:37 Scout Tower
59:38 Scout Tower
59:40 Scout Tower
59:41 Scout Tower
59:43 Scout Tower
59:43 Scout Tower
59:44 Scout Tower
59:47 Scout Tower
59:48 Scout Tower
59:48 Scout Tower
59:53 Scout Tower
59:54 Scout Tower
59:55 Scout Tower
59:55 Scout Tower
59:56 Scout Tower
59:57 Scout Tower
60:06 Guard Tower
60:06 Guard Tower
60:06 Guard Tower
60:19 Guard Tower
60:22 Scout Tower
60:23 Scout Tower
60:24 Scout Tower
60:24 Scout Tower
60:25 Scout Tower
60:25 Scout Tower
60:27 Scout Tower
60:27 Scout Tower
60:28 Scout Tower
60:29 Scout Tower
60:30 Scout Tower
60:30 Scout Tower
60:31 Scout Tower
60:32 Scout Tower
60:34 Scout Tower
60:34 Scout Tower
60:35 Scout Tower
60:36 Scout Tower
60:36 Scout Tower
60:37 Scout Tower
60:38 Scout Tower
60:38 Scout Tower
60:39 Scout Tower
60:40 Scout Tower
60:41 Scout Tower
60:41 Scout Tower
60:58 Guard Tower
61:27 Guard Tower
61:30 Guard Tower
61:34 Guard Tower
61:39 Guard Tower
61:56 Guard Tower
61:58 Guard Tower
62:21 Guard Tower
62:26 Guard Tower
62:31 Guard Tower
62:43 Guard Tower
62:46 Scout Tower
62:47 Scout Tower
62:47 Scout Tower
62:48 Scout Tower
62:49 Scout Tower
62:50 Scout Tower
62:51 Scout Tower
62:51 Scout Tower
62:52 Scout Tower
62:54 Scout Tower
62:55 Scout Tower
62:56 Scout Tower
63:05 Scout Tower
63:06 Scout Tower
63:06 Scout Tower
63:07 Scout Tower
63:07 Scout Tower
63:08 Scout Tower
63:09 Scout Tower
63:09 Scout Tower
63:10 Scout Tower
63:10 Scout Tower
63:11 Scout Tower
63:12 Scout Tower
63:14 Scout Tower
63:15 Scout Tower
63:15 Scout Tower
63:17 Scout Tower
63:18 Scout Tower
63:19 Scout Tower
63:20 Scout Tower
63:21 Scout Tower
63:22 Scout Tower
63:27 Scout Tower
63:28 Scout Tower
63:29 Scout Tower
63:30 Scout Tower
63:31 Scout Tower
63:35 Guard Tower
63:37 Guard Tower
63:51 Guard Tower
63:55 Scout Tower
63:55 Scout Tower
63:56 Scout Tower
63:57 Scout Tower
63:57 Scout Tower
63:58 Scout Tower
63:58 Scout Tower
63:59 Scout Tower
64:00 Scout Tower
64:01 Scout Tower
64:02 Scout Tower
64:02 Scout Tower
64:04 Scout Tower
64:04 Scout Tower
64:05 Scout Tower
64:06 Scout Tower
64:07 Scout Tower
64:09 Scout Tower
64:10 Scout Tower
64:11 Scout Tower
64:43 Guard Tower
64:47 Guard Tower
64:50 Guard Tower
64:56 Guard Tower
64:58 Guard Tower
65:01 Guard Tower
65:05 Guard Tower
65:17 Guard Tower
65:28 Scout Tower
65:29 Scout Tower
65:31 Scout Tower
65:33 Scout Tower
65:52 Guard Tower
66:01 Guard Tower
66:14 Guard Tower
66:16 Scout Tower
66:18 Scout Tower
66:19 Scout Tower
66:19 Scout Tower
66:20 Scout Tower
66:21 Scout Tower
66:22 Scout Tower
66:33 Guard Tower
66:41 Guard Tower
66:58 Guard Tower
67:21 Guard Tower
67:23 Scout Tower
67:26 Scout Tower
67:27 Scout Tower
67:27 Scout Tower
67:28 Scout Tower
67:29 Scout Tower
67:29 Scout Tower
67:30 Scout Tower
67:30 Scout Tower
67:31 Scout Tower
67:32 Scout Tower
67:32 Scout Tower
67:33 Scout Tower
67:34 Scout Tower
67:34 Scout Tower
68:04 Guard Tower
68:19 Guard Tower
68:29 Scout Tower
68:31 Scout Tower
68:32 Scout Tower
68:32 Scout Tower
68:33 Scout Tower
68:33 Scout Tower
68:34 Scout Tower
68:35 Scout Tower
68:36 Scout Tower
68:37 Scout Tower
68:39 Scout Tower
68:39 Scout Tower
68:40 Scout Tower
68:41 Scout Tower
68:41 Scout Tower
68:42 Scout Tower
68:43 Scout Tower
68:44 Scout Tower
68:45 Scout Tower
68:45 Scout Tower
68:46 Scout Tower
68:47 Scout Tower
68:47 Scout Tower
68:48 Scout Tower
69:00 Guard Tower
69:04 Guard Tower
69:07 Guard Tower
69:11 Guard Tower
69:14 Guard Tower
69:21 Guard Tower
69:22 Guard Tower
69:35 Guard Tower
69:38 Guard Tower
69:44 Guard Tower
70:25 Guard Tower
70:40 Guard Tower
70:50 Guard Tower
71:20 Guard Tower
71:33 Guard Tower
» items
| Orb of Lightning | 2 | |
| Staff of Sanctuary | 3 | |
| Orb of Corruption | 1 | |
| Robe of the Magi +6 | 4 | |
| Sobi Mask | 2 | |
| Boots of Quel'Thalas +6 | 2 | |
| Belt of Giant Strength +6 | 1 | |
| Runed Bracers | 2 | |
17 total
nutsurlechin.fr (
pink | 108 APM | 7749 actions | 71:45)
10 Tauren Chieftain
3 Shockwave
3 Endurance Aura
1 Reincarnation
3 War Stomp
9 Pandaren Brewmaster
3 Breath of Fire
3 Drunken Brawler
1 Storm Earth and Fire
2 Drunken Haze
» actions
| Assign group hotkey | 197 | |
| Basic commands | 14 | |
| Build / train | 186 | |
| ESC pressed | 5 | |
| Enter build submenu | 135 | |
| Enter hero's abilities submenu | 19 | |
| Give item / drop item | 25 | |
| Remove unit from queue | 7 | |
| Right click | 4370 | |
| Select / deselect | 1273 | |
| Select group hotkey | 908 | |
| Use ability | 609 | |
7749 total
» units
| Peon | 33 | |
| Troll Batrider | 57 | |
| Goblin Zeppelin | 1 | |
91 total
» upgrades
| Spiked Barricades | 3 | |
| Reinforced Defenses | 1 | |
| Armor | 3 | |
| Liquid Fire | 1 | |
| Ranged Weapons | 2 | |
10 total
» buildings
| Altar of Storms | 1 | |
| Orc Burrow | 4 | |
| War Mill | 1 | |
| Watch Tower | 120 | |
| Voodoo Lounge | 3 | |
| Stronghold | 2 | |
| Beastiary | 4 | |
| Fortress | 2 | |
| Great Hall | 4 | |
141 total
» build order
00:03 Altar of Storms
00:12 Orc Burrow
00:50 War Mill
02:05 Watch Tower
02:10 Watch Tower
02:31 Orc Burrow
03:22 Watch Tower
03:24 Watch Tower
03:42 Voodoo Lounge
04:01 Watch Tower
04:22 Watch Tower
04:37 Watch Tower
05:03 Watch Tower
05:04 Watch Tower
05:22 Watch Tower
05:34 Watch Tower
05:37 Watch Tower
06:12 Watch Tower
06:23 Watch Tower
06:39 Watch Tower
06:43 Watch Tower
06:57 Stronghold
06:58 Stronghold
07:42 Watch Tower
07:42 Watch Tower
07:47 Watch Tower
07:57 Watch Tower
08:09 Watch Tower
08:31 Watch Tower
08:32 Watch Tower
08:48 Watch Tower
09:18 Watch Tower
09:19 Watch Tower
09:27 Watch Tower
09:28 Watch Tower
09:30 Watch Tower
09:31 Watch Tower
09:39 Watch Tower
10:31 Watch Tower
10:45 Watch Tower
11:09 Orc Burrow
11:38 Watch Tower
11:52 Watch Tower
12:27 Watch Tower
12:40 Beastiary
12:45 Watch Tower
13:51 Watch Tower
13:53 Watch Tower
13:54 Watch Tower
14:02 Watch Tower
14:18 Fortress
14:19 Fortress
15:21 Great Hall
15:31 Watch Tower
15:58 Watch Tower
16:00 Watch Tower
16:27 Watch Tower
16:27 Watch Tower
17:32 Watch Tower
17:33 Watch Tower
17:34 Watch Tower
17:35 Watch Tower
17:40 Orc Burrow
18:28 Voodoo Lounge
18:28 Voodoo Lounge
18:40 Watch Tower
18:41 Watch Tower
18:42 Watch Tower
18:44 Watch Tower
18:50 Watch Tower
18:50 Watch Tower
18:51 Watch Tower
18:51 Watch Tower
18:52 Watch Tower
18:53 Watch Tower
18:53 Watch Tower
19:46 Watch Tower
19:46 Watch Tower
21:36 Beastiary
24:20 Great Hall
24:25 Watch Tower
24:27 Watch Tower
24:28 Watch Tower
24:30 Watch Tower
24:32 Watch Tower
26:35 Watch Tower
26:50 Watch Tower
26:51 Watch Tower
27:11 Beastiary
27:12 Beastiary
28:36 Watch Tower
28:36 Watch Tower
31:41 Great Hall
37:50 Watch Tower
37:51 Watch Tower
37:51 Watch Tower
37:53 Watch Tower
37:54 Watch Tower
37:54 Watch Tower
37:55 Watch Tower
37:56 Watch Tower
37:57 Watch Tower
37:57 Watch Tower
37:58 Watch Tower
41:08 Watch Tower
41:09 Watch Tower
42:05 Watch Tower
42:21 Watch Tower
42:22 Watch Tower
42:23 Watch Tower
42:23 Watch Tower
54:12 Great Hall
54:14 Watch Tower
54:15 Watch Tower
54:15 Watch Tower
61:14 Watch Tower
61:15 Watch Tower
61:17 Watch Tower
61:17 Watch Tower
61:18 Watch Tower
61:18 Watch Tower
63:40 Watch Tower
63:40 Watch Tower
64:33 Watch Tower
64:52 Watch Tower
64:53 Watch Tower
65:43 Watch Tower
67:08 Watch Tower
68:04 Watch Tower
68:05 Watch Tower
68:10 Watch Tower
69:20 Watch Tower
69:21 Watch Tower
69:21 Watch Tower
69:28 Watch Tower
70:29 Watch Tower
70:30 Watch Tower
70:31 Watch Tower
70:32 Watch Tower
70:33 Watch Tower
71:01 Watch Tower
» items
| Healing Salve | 4 | |
| Lesser Clarity Potion | 8 | |
| Scroll of Speed | 1 | |
| Scroll of Town Portal | 10 | |
| Potion of Healing | 1 | |
| Potion of Mana | 3 | |
| Orb of Lightning | 2 | |
| Mana Stone | 2 | |
| Sobi Mask | 4 | |
| Inferno Stone | 1 | |
| Staff of Sanctuary | 1 | |
| Robe of the Magi +6 | 3 | |
| Ankh of Reincarnation | 1 | |
| Scroll of Animate Dead | 1 | |
42 total
Chat log
(01:46 / Allies) NUTSonyochin.de: wood u would me
(01:56 / Allies) nutsurlechin.fr: deep in the arms of (s)lumber
(02:05 / Allies) NUTSonyochin.de: i waaaaaaaaaaant uuuuuuu to woood me
(02:15 / Allies) nutsurlechin.fr: i neeeeeeeeeeeed yoooooooou to wood me
(04:43 / All) HsZ.Ruby: free exp
(06:54 / All) NUTSonyochin.de: fail
(06:56 / All) NUTSonyochin.de: F-
(08:10 / All) HsZ.Ruby: noob replay blizzard
(08:15 / All) AlasPoorYorick: ty
(08:17 / All) HsZ.Ruby: maphackers
(10:30 / Allies) NUTSonyochin.de: sopurces
(11:22 / Allies) NUTSonyochin.de: wood
(35:51 / All) Sc_BuTcHeR: Tower noobs...
(35:55 / All) NUTSonyochin.de: u??
(36:00 / All) Sc_BuTcHeR: omg lamer
(36:03 / All) NUTSonyochin.de: huh
(66:25 / All) NUTSonyochin.de: let my peeps go...
(66:31 / All) Gobiner: owned
(66:35 / All) nutsurlechin.fr: sorry son..
(66:38 / All) Hoarz_XyoshO: by maphack
(66:41 / All) nutsurlechin.fr: nope
(66:46 / All) HsZ.Ruby: DISCHACK ß
(66:48 / All) nutsurlechin.fr: or else my shockwave would have missed??
(66:54 / All) nutsurlechin.fr: use ur head child noob.
(67:01 / All) nutsurlechin.fr: *wouldn't.
(67:05 / All) Hoarz_XyoshO: head lol
(67:05 / All) Sc_BuTcHeR: Towernap
(67:07 / All) Hoarz_XyoshO: brain?!
(67:15 / All) Gobiner: I could take a nap tbqh
(67:20 / All) Hoarz_XyoshO: "use ur head" lol
(67:20 / All) Hoarz_XyoshO: nerd
(67:21 / All) Hoarz_XyoshO: oO
(67:41 / All) nutsurlechin.fr: ya i could take a nap because beating you noobs with towers is so easy i don't even need to be here..
(67:44 / All) NUTSonyochin.de: youse your fucken head child, retard
(67:53 / All) Hoarz_XyoshO: hahaha
(67:54 / All) Sc_BuTcHeR: Towernoobs
(68:00 / All) Sc_BuTcHeR: Towernoobs
(68:03 / All) Sc_BuTcHeR: Towernoobs
(68:05 / All) Hoarz_XyoshO: i´ll use my "head"
(68:06 / All) NUTSonyochin.de: Stop
(68:07 / All) NUTSonyochin.de: Stop it
(68:09 / All) Sc_BuTcHeR: Towernoobs
(68:12 / All) NUTSonyochin.de: Youse your head child
(68:13 / All) Sc_BuTcHeR: Towernoobs
(68:17 / All) Sc_BuTcHeR: Towernoobs
(68:21 / All) Sc_BuTcHeR: FKAK
(68:22 / All) Sc_BuTcHeR: 'A
(68:22 / All) Sc_BuTcHeR: AWG
(68:22 / All) Sc_BuTcHeR: AG
(68:23 / All) Sc_BuTcHeR: A
(68:23 / All) Sc_BuTcHeR: F
(68:23 / All) NUTSonyochin.de: use your head-child
(68:23 / All) Sc_BuTcHeR: GH
(68:24 / All) Sc_BuTcHeR: Z
(68:24 / All) Sc_BuTcHeR: F
(68:24 / All) Sc_BuTcHeR: WAG
(68:25 / All) Sc_BuTcHeR: AZG
(68:25 / All) Sc_BuTcHeR: GVF
(68:25 / All) Sc_BuTcHeR: AW
(68:26 / All) Sc_BuTcHeR: AWR
(68:27 / All) Sc_BuTcHeR: R
(68:27 / All) Sc_BuTcHeR: TGA
(68:27 / All) Sc_BuTcHeR: FAW
(68:27 / All) Sc_BuTcHeR: WR
(68:30 / All) Sc_BuTcHeR: NOOOOB
(68:32 / All) Sc_BuTcHeR: ZOWERNOOB
(68:32 / All) Sc_BuTcHeR: AF
(68:33 / All) Sc_BuTcHeR: FR
(68:33 / All) Sc_BuTcHeR: F
(68:33 / All) Sc_BuTcHeR: RW
(68:34 / All) Sc_BuTcHeR: FWA
(68:34 / All) Sc_BuTcHeR: D
(68:35 / All) Sc_BuTcHeR: W
(69:46 / All) HsZ.Ruby: fuck noobs
(69:49 / All) nutsurlechin.fr: yes, fuck u.
(69:51 / All) HsZ.Ruby: lay your nice tac
(69:53 / All) NUTSonyochin.de: use your head-child
(69:57 / All) Hoarz_XyoshO: plz get rl
(70:10 / All) Hoarz_XyoshO: 2 hours for ONE game
(70:11 / All) HsZ.Ruby: replay blizzard
(70:11 / All) Hoarz_XyoshO: oO
(70:20 / All) Hoarz_XyoshO: 10 games every day
(70:22 / All) nutsurlechin.fr: oO 2 hours for ONE loss (ur loss.. u will lose)
(70:22 / All) Hoarz_XyoshO: wtf?
(70:46 / All) Hoarz_XyoshO: 20 hours every day
(70:46 / All) Hoarz_XyoshO: oO
(70:59 / All) Hoarz_XyoshO: why u french nerds get no rl?
(71:06 / All) NUTSonyochin.de: oui
(71:15 / All) NUTSonyochin.de: c'est la vie BON VOYAGE HONK HONK
(71:18 / All) Gobiner: USA NUMBER ONE
(71:20 / All) Gobiner: U S A
(71:22 / All) NUTSonyochin.de: #1
(71:22 / All) NUTSonyochin.de: #1
(71:23 / All) NUTSonyochin.de: #1
(71:24 / All) NUTSonyochin.de: 31
(71:24 / All) NUTSonyochin.de: #1
(71:25 / All) HsZ.Ruby: omg you ban all
(71:32 / All) Sc_BuTcHeR: Bye Towernoobs It`S so LOW.. Learn Warcraft your noobs.. I send Replay to all ''ReplayPages'' ITS SO LOW.. Mass Tower... PG`s..
(71:38 / All) HsZ.Ruby: no micro
(71:43 / All) NUTSonyochin.de: wait
(71:44 / All) NUTSonyochin.de: Stop